 Dungeon Crawl Stone Soup version 0.30-a0-715-gdb4ae3ece1 (webtiles) character file.

Game seed: 9126908555227399597

32 Fenrisus the Poker (level 3, 28/28 HPs)
             Began as a Merfolk Gladiator on Jan 24, 2023.
             Quit the game on level 1 of the Dungeon.
             The game lasted 00:02:54 (1007 turns).

Fenrisus the Poker (Merfolk Gladiator)              Turns: 1007, Time: 00:02:54

Health: 28/28      AC:  4    Str: 14    XL:     3   Next: 27%
Magic:  3/3        EV: 13    Int:  7    God:
Gold:   50         SH:  0    Dex: 17    Spells: 2/2 levels left

rFire   . . .      SeeInvis .    a - +0 trident
rCold   . . .      Faith    .    (no shield)
rNeg    . . .      Spirit   .    b - +0 leather armour
rPois   .          Reflect  .    c - +0 helmet
rElec   .          Harm     .    (no cloak)
rCorr   .          Rampage  .    (no gloves)
Will    .....                    (no boots)
Stlth   +                        (no amulet)
HPRegen 0.24/turn                (no ring)
MPRegen 0.08/turn                (no ring)

@: no status effects
A: (nimble swimmer 2), mertail
a: no special abilities


You were on level 1 of the Dungeon.
You visited 1 branch of the dungeon, and saw 1 of its levels.

You collected 50 gold pieces.

Inventory:

Hand Weapons
 a - a +0 trident (weapon)
Missiles
 d - 3 throwing nets (quivered)
 e - a javelin
Armour
 b - a +0 leather armour (worn)
 c - a +0 helmet (worn)
Scrolls
 f - a scroll of poison {unknown}
 h - 2 scrolls of immolation {unknown}
 i - a scroll of identify {unknown}
Potions
 g - a potion of attraction {unknown}
 j - a potion of degeneration {unknown}


   Skills:
 + Level 2.7 Fighting
 + Level 4.5 Polearms
 + Level 2.4 Throwing
 + Level 4.4 Dodging


You had 2 spell levels left.
You didn't know any spells.
Your spell library was empty.

Dungeon Overview and Level Annotations

Branches:
Dungeon (1/15)

Altars:


Innate Abilities, Weirdness & Mutations

((You are very nimble when in or above water. (Stealth+, EV+, Speed+++)))
Your lower body shifts to a powerful aquatic tail in water.


Message History

No target in view!
A frilled lizard comes into view.
A frilled lizard is nearby!
A frilled lizard is nearby!
The frilled lizard hisses angrily.
No target in view!
No target in view!
No target in view!
A frilled lizard is nearby!
You reach to attack!
You barely miss the frilled lizard. You closely miss the frilled lizard.
The frilled lizard bites you but does no damage.
You closely miss the frilled lizard. The frilled lizard barely misses you.
You puncture the frilled lizard!
You kill the frilled lizard!
No target in view!
No target in view!
No target in view!
You see here a frilled lizard corpse.
You now have 50 gold pieces (gained 5).
A giant cockroach comes into view.
You reach to attack!
You barely miss the giant cockroach. You hit the giant cockroach.
The giant cockroach is moderately wounded.
The giant cockroach bites you but does no damage.
You puncture the giant cockroach!
You kill the giant cockroach!
No target in view!
No target in view!
No target in view!
You see here a giant cockroach corpse.
Done exploring.
Done exploring.
Done exploring.
Done exploring.
Done exploring.
Done exploring.
Unknown command.
You see here a giant cockroach corpse.
Are you sure you want to abandon this character and quit the game? (Confirm with "yes".)

..........# #⌠P#...#####.
..........## #.P#.♣.#PPP#.
....)..##..### #.P#...#P⌠P#.
..##.........########..#''##P.P#.
...#......##........#..........#.
##.#......##..#.....#.########.#.
##'#......#...........########.##
..........#.)....................
................@...#############
..........)....###..########
.......#.#.....###..#......#
##.#................#......#
#.#...#.#.....###..#......#
#.###.........# #..#......# ##
##.##########.## #..#.....†#####.
............†.# #............##.
...#####.....## #..#......##.##.


There were no monsters in sight!

Vanquished Creatures
  2 ball pythons (D:1)
  3 endoplasms (D:1)
  2 giant cockroaches (D:1)
  3 goblins (D:1)
  3 hobgoblins (D:1)
  4 jackals (D:1)
  A quokka (D:1)
  3 bats (D:1)
  3 frilled lizards (D:1)
  2 kobolds (D:1)
  3 rats (D:1)
29 creatures vanquished.

Notes
Turn   | Place    | Note
-------+----------+-------------------------------------------
     0 | D:1      | Fenrisus the Merfolk Gladiator began the quest for the Orb.
     0 | D:1      | Reached XP level 1. HP: 16/16 MP: 1/1
   132 | D:1      | Reached XP level 2. HP: 23/23 MP: 2/2
   655 | D:1      | Reached XP level 3. HP: 28/28 MP: 3/3
  1007 | D:1      | Quit the game

Illustrated notes

Levels and vault maps discovered:
D:1:      sevenhm_arrival_forest_fort_small_3, layout_basic, glass_columns_a

Action                     || total
---------------------------++-------
  Melee: Trident           ||   118
         Punch             ||     1
  Throw: Throwing net      ||     3
         Javelin           ||     1
   Stab: Sleeping          ||     2
 Armour: Leather armour    ||    32
  Dodge: Dodged            ||    76

Table legend: (Time is in decaauts)
 A = Elapsed time spent in this place.
 B = Non-inter-level travel time spent in this place.
 C = Inter-level travel time spent in this place.
 D = Time resting spent in this place.
 E = Time spent auto-exploring this place.
 F = Levels seen in this place.
 G = Mean time per level.
                   A        B        C        D        E       F      G
               +--------+--------+--------+--------+--------+-----+--------+
         Total |   1017 |    817 |    200 |     80 |    531 |   1 | 1017.0 |
       Dungeon |   1017 |    817 |    200 |     80 |    531 |   1 | 1017.0 |
               +--------+--------+--------+--------+--------+-----+--------+

Top non-repeatable levels by time:
     D:1: 1017 daAuts
